 Dungeon Crawl Stone Soup version 0.21.1-1-g345015f (webtiles) character file.

1248 letownia2 the Charmwright (level 8, 64/64 HPs)
             Began as a Gnoll Skald on Feb 27, 2018.
             Quit the game on level 5 of the Dungeon.
             The game lasted 00:08:57 (1556 turns).

letownia2 the Charmwright (Gnoll Skald)             Turns: 1556, Time: 00:08:58

Health: 64/64      AC:  8    Str: 12    XL:     8   Next: 50%
Magic:  26/26      EV: 13    Int: 17    God:
Gold:   226        SH:  0    Dex: 15    Spells: 8/19 levels left

rFire    . . .     SeeInvis .   a - +0 spear
rCold    . . .     Gourm    .   (no shield)
rNeg     . . .     Faith    .   f - +0 ring mail
rPois    .         Spirit   .   q - +0 helmet
rElec    .         Reflect  .   (no cloak)
rCorr    .         Harm     .   (no gloves)
MR       .....                  r - +0 pair of boots
Stlth    ++........             (no amulet)
HPRegen  0.20/turn              t - ring of magical power
MPRegen  0.20/turn              D - -2 ring of strength (curse)

@: no status effects
A: distributed training, fangs 1, strong nose
a: no special abilities


You were on level 5 of the Dungeon.
You were not hungry.

You visited 1 branch of the dungeon, and saw 6 of its levels.

You collected 226 gold pieces.

Inventory:

Hand Weapons
 a - a +0 spear (weapon)
 o - a +0 hunting sling
 w - a +2 dire flail of holy wrath
 x - a cursed +0 quarterstaff
Missiles
 e - 15 bolts
 m - a throwing net (quivered)
Armour
 b - a +0 leather armour
 f - a +0 ring mail (worn)
 q - a +0 helmet (worn)
 r - a +0 pair of boots (worn)
Jewellery
 t - a ring of magical power (left hand)
 D - a cursed -2 ring of strength (right hand)
Wands
 B - a wand of digging (18)
 C - a wand of disintegration (15)
Scrolls
 g - a scroll of random uselessness {unknown}
 i - 5 scrolls of identify {unknown}
 j - a scroll of remove curse {unknown}
 l - a scroll of fog {unknown}
 n - a scroll of blinking {unknown}
 s - a scroll of fear {unknown}
 v - 2 scrolls of teleportation {unknown}
Potions
 h - a potion of degeneration {unknown}
 k - a potion of flight {unknown}
 p - a potion of cancellation {unknown}
 u - 2 potions of curing {unknown}
 z - a potion of magic {unknown}
 A - a potion of haste {unknown}
 E - a potion of might {unknown}
Books
 c - a book of Battle

   Spells                             Type                      Level
   a - Infusion                       Charms                       1
   b - Shroud of Golubria             Charms/Translocation         2
   c - Song of Slaying                Charms                       2
   d - Spectral Weapon                Hexes/Charms                 3
   e - Regeneration                   Charms/Necromancy            3
 y - the Disquisition on Ghastly Battle Magic
   (You found it on level 5 of the Dungeon)

   Spells                             Type                      Level
   a - Corpse Rot                     Necromancy                   2
   b - Regeneration                   Charms/Necromancy            3
   c - Iskenderun's Battlesphere      Conjuration/Charms           5
   d - Venom Bolt                     Conjuration/Poison           5
   e - Dispel Undead                  Necromancy                   5
Comestibles
 d - 6 rations


   Skills:
 + Level 5.7 Fighting
 + Level 3.2 Short Blades
 + Level 3.2 Long Blades
 + Level 3.2 Axes
 + Level 3.2 Maces & Flails
 + Level 5.7 Polearms
 + Level 3.2 Staves
 + Level 3.2 Slings
 + Level 3.2 Bows
 + Level 3.2 Crossbows
 + Level 3.2 Throwing
 + Level 4.2 Armour
 + Level 5.7 Dodging
 + Level 3.2 Stealth
 + Level 3.2 Shields
 + Level 3.2 Unarmed Combat
 + Level 6.0 Spellcasting
 + Level 2.6 Conjurations
 + Level 2.6 Hexes
 + Level 6.1 Charms
 + Level 2.6 Summonings
 + Level 2.6 Necromancy
 + Level 2.6 Translocations
 + Level 2.6 Transmutations
 + Level 2.6 Fire Magic
 + Level 2.6 Ice Magic
 + Level 2.6 Air Magic
 + Level 2.6 Earth Magic
 + Level 2.6 Poison Magic
 + Level 3.6 Invocations
 + Level 3.2 Evocations


You had 8 spell levels left.
You knew the following spells:

 Your Spells              Type           Power        Failure   Level  Hunger
a - Infusion              Chrm           ####         2%          1    None
g - Regeneration          Chrm/Necr      ###.......   13%         3    ##.....
l - Song of Slaying       Chrm           ####....     3%          2    None
t - Shroud of Golubria    Chrm/Tloc      ###.......   7%          2    None
x - Spectral Weapon       Hex/Chrm       ###.....     13%         3    ##.....


Dungeon Overview and Level Annotations

Branches:
Dungeon (6/15)
 Temple: D:4-7

Altars:
Fedhas
Nemelex Xobeh
Yredelemnul

Annotations:
D:4 Pikel


Innate Abilities, Weirdness & Mutations

Your experience applies equally to all skills.
You have very sharp teeth.
Your uncanny sense of smell can sniff out nearby items.


Message History

D - a wooden ring
Found a robe.
An orc comes into view. It is wielding a hand axe.
Found 27 stones.
The orc shouts!
The orc hits you but does no damage.
You see here a robe.
The orc barely misses you.
You hit the orc. You punch the orc, but do no damage. Your bite misses the orc.
The orc is moderately wounded.
You hit the orc.
You kill the orc!
No target in view!
No target in view!
Put on which piece of jewellery? (? for menu, Esc to quit)
You feel weaker.
Oops, that ring feels deathly cold.
D - a cursed -2 ring of strength (right hand)
You see here a hand axe.
Are you sure you want to abandon this character and quit the game? (Confirm with "yes".)

# ######
#######...
.....##
#.@....#
......##
#...####
..##...## #...#
.#####.>##
##..# ### .#
##..## #..##
##.## .# ##..##
###.## ##...#
.## ##..# ##.##
#.(..## ..###
#..##
##.#####.....##
#...## ##..##
##.##.[)###..#


There were no monsters in sight!

Vanquished Creatures
  Eustachio (D:6)
  Edmund (D:4)
  A black bear (D:5)
  A sky beast (D:5)
  4 ogres
  A centaur (D:5)
  2 bullfrogs (D:6)
  A scorpion (D:6)
  A howler monkey (D:4)
  A bullfrog skeleton (D:5)
  An orc priest (D:5)
  A worker ant (D:6)
  A howler monkey skeleton (D:6)
  Robin (D:4)
  3 adders
  A shadow imp (D:5)
  A worm (D:3)
  A dart slug (D:1)
  9 orcs
  4 giant cockroaches
  9 goblins
  5 hobgoblins
  2 kobolds
  2 bats
  2 rats
57 creatures vanquished.

Vanquished Creatures (others)
  3 spectral weapons
3 creatures vanquished.

Grand Total: 60 creatures vanquished

Notes
Turn   | Place    | Note
-------+----------+-------------------------------------------
     0 | D:1      | letownia2 the Gnoll Skald began the quest for the Orb.
     0 | D:1      | Reached XP level 1. HP: 20/20 MP: 6/6
    38 | D:1      | Reached XP level 2. HP: 18/26 MP: 2/7
    67 | D:2      | Learned a level 2 spell: Song of Slaying
    70 | D:2      | Learned a level 2 spell: Shroud of Golubria
   163 | D:2      | Reached XP level 3. HP: 23/31 MP: 6/9
   170 | D:2      | Learned a level 3 spell: Regeneration
   175 | D:2      | Learned a level 3 spell: Spectral Weapon
   192 | D:3      | Reached skill level 5 in Spellcasting
   246 | D:3      | Found a faded altar of an unknown god.
   259 | D:3      | Reached skill level 1 in Invocations
   316 | D:4      | Noticed an ogre
   329 | D:4      | Killed an ogre
   329 | D:4      | Reached skill level 1 in Short Blades
   329 | D:4      | Reached skill level 1 in Long Blades
   329 | D:4      | Reached skill level 1 in Axes
   329 | D:4      | Reached skill level 1 in Maces & Flails
   329 | D:4      | Reached skill level 1 in Staves
   329 | D:4      | Reached skill level 1 in Slings
   329 | D:4      | Reached skill level 1 in Bows
   329 | D:4      | Reached skill level 1 in Crossbows
   329 | D:4      | Reached skill level 1 in Throwing
   329 | D:4      | Reached skill level 1 in Stealth
   329 | D:4      | Reached skill level 1 in Shields
   329 | D:4      | Reached skill level 1 in Unarmed Combat
   329 | D:4      | Reached skill level 1 in Conjurations
   329 | D:4      | Reached skill level 1 in Hexes
   329 | D:4      | Reached skill level 1 in Summonings
   329 | D:4      | Reached skill level 1 in Necromancy
   329 | D:4      | Reached skill level 1 in Translocations
   329 | D:4      | Reached skill level 1 in Transmutations
   329 | D:4      | Reached skill level 1 in Fire Magic
   329 | D:4      | Reached skill level 1 in Ice Magic
   329 | D:4      | Reached skill level 1 in Air Magic
   329 | D:4      | Reached skill level 1 in Earth Magic
   329 | D:4      | Reached skill level 1 in Poison Magic
   329 | D:4      | Reached skill level 1 in Evocations
   329 | D:4      | Reached XP level 4. HP: 38/38 MP: 1/11
   329 | D:4      | Reached XP level 5. HP: 43/43 MP: 1/12
   450 | D:4      | Found a basalt altar of Yredelemnul.
   472 | D:4      | Noticed Robin
   504 | D:4      | Killed Robin
   537 | D:4      | Noticed a slave
   538 | D:4      | Noticed a slave
   539 | D:4      | Noticed Pikel
   539 | D:4      | Noticed a slave
   543 | D:4      | Noticed a slave
   552 | D:5      | Entered Level 5 of the Dungeon
   569 | D:5      | Reached XP level 6. HP: 43/50 MP: 4/13
   743 | D:4      | Noticed Edmund
   761 | D:4      | Killed Edmund
   761 | D:4      | Reached skill level 5 in Fighting
   761 | D:4      | Reached skill level 5 in Polearms
   761 | D:4      | Reached skill level 5 in Dodging
   821 | D:5      | Noticed a sky beast
   845 | D:5      | Killed a sky beast
   894 | D:5      | Identified the Disquisition on Ghastly Battle Magic
   902 | D:5      | Noticed a black bear
   905 | D:5      | Reached XP level 7. HP: 56/56 MP: 15/15
  1109 | D:6      | Reached XP level 8. HP: 46/63 MP: 12/16
  1203 | D:6      | Found a blossoming altar of Fedhas.
  1226 | D:6      | Noticed Eustachio
  1264 | D:6      | Killed Eustachio
  1307 | D:6      | Found a sparkling altar of Nemelex Xobeh.
  1556 | D:5      | Quit the game

Skill      XL: |  1  2  3  4  5  6  7  8 |
---------------+-------------------------+-----
Spellcasting   | 5 6 |  6.0
Invocations    | 1 2 3 |  3.6
Short Blades   | 1 2 3 |  3.2
Long Blades    | 1 2 3 |  3.2
Axes           | 1 2 3 |  3.2
Maces & Flails | 1 2 3 |  3.2
Staves         | 1 2 3 |  3.2
Slings         | 1 2 3 |  3.2
Bows           | 1 2 3 |  3.2
Crossbows      | 1 2 3 |  3.2
Throwing       | 1 2 3 |  3.2
Stealth        | 1 2 3 |  3.2
Shields        | 1 2 3 |  3.2
Unarmed Combat | 1 2 3 |  3.2
Conjurations   | 1 2 |  2.6
Hexes          | 1 2 |  2.6
Summonings     | 1 2 |  2.6
Necromancy     | 1 2 |  2.6
Translocations | 1 2 |  2.6
Transmutations | 1 2 |  2.6
Fire Magic     | 1 2 |  2.6
Ice Magic      | 1 2 |  2.6
Air Magic      | 1 2 |  2.6
Earth Magic    | 1 2 |  2.6
Poison Magic   | 1 2 |  2.6
Evocations     | 1 2 3 |  3.2
Armour         | 3 4 |  4.2
Fighting       | 5 |  5.7
Polearms       | 5 |  5.7
Dodging        | 5 |  5.7
Charms         | 6 |  6.1

Action                   |  1- 3 |  4- 6 |  7- 9 || total
-------------------------+-------+-------+-------++-------
Melee: Spear             |    62 |    72 |    99 ||   233
       Bite              |     5 |    10 |     8 ||    23
       Punch             |       |       |     2 ||     2
 Cast: Infusion          |     2 |       |       ||     2
       Shroud of Golubri |     5 |     4 |     8 ||    17
       Spectral Weapon   |     3 |     7 |     9 ||    19
       Regeneration      |     1 |     2 |     1 ||     4
       Song of Slaying   |     1 |     2 |     2 ||     5
 Stab: Sleeping          |     1 |       |       ||     1
       Distracted        |       |       |     1 ||     1
  Eat: Chunk             |       |     1 |     3 ||     4
Armor: Leather armour    |     3 |     5 |       ||     8
       Ring mail         |       |    11 |    54 ||    65
Dodge: Dodged            |    36 |    43 |   122 ||   201
